 Dungeon Crawl Stone Soup version 0.25-a0-413-g3b4b6a4ccc (webtiles) character file.

Game seed: 1602610678744577404, levelgen mode: deterministic

3956 Epan the Geomancer (level 10, -4/56 HPs)
             Began as a Gargoyle Earth Elementalist on Jan 14, 2020.
             Was a Believer of Vehumet.
             Slain by Grum
             ... wielding a -2 glaive
              (16 damage)
             ... on level 8 of the Dungeon.
             The game lasted 00:27:00 (8458 turns).

Epan the Geomancer (Gargoyle Earth Elementalist)    Turns: 8458, Time: 00:27:00

Health: -4/56      AC: 12    Str: 20    XL:     10   Next: 21%
Magic:  14/18      EV: 13    Int: 18    God:    Vehumet [**....]
Gold:   428        SH:  0    Dex: 10    Spells: 4/20 levels left

rFire    . . .     SeeInvis .   e - +5 rapier of Infinity {speed, Str+7}
rCold    . . .     Gourm    .   (no shield)
rNeg     + . .     Faith    .   c - +0 robe
rPois    ∞         Spirit   .   r - +0 helmet
rElec    +         Reflect  .   l - +1 cloak
rCorr    .         Harm     .   (no gloves)
MR       .....     Clarity  +   (no boots)
Stlth    ++........             (no amulet)
HPRegen  0.18/turn              (no ring)
MPRegen  0.16/turn              (no ring)

@: no status effects
A: big wings, clarity, negative energy resistance 1, electricity resistance,
unbreathing, petrification resistance, rot immunity, AC +7
a: Fly, Renounce Religion


You were on level 8 of the Dungeon.
You worshipped Vehumet.
Vehumet was pleased with you.
You were not hungry.

You visited 2 branches of the dungeon, and saw 9 of its levels.

You collected 428 gold pieces.

Inventory:

Hand Weapons
 e - the +5 rapier of Infinity (weapon) {speed, Str+7}
   (You found it on level 6 of the Dungeon)

   Attacks with this weapon are significantly faster.
   It affects your strength (+7).
 q - a +2 flail of crushing
 y - a +1 flail of pain
 A - a +1 flail of protection
Missiles
 b - 217 stones (quivered)
Armour
 c - a +0 robe (worn)
 g - a +1 hat
 l - a +1 cloak (worn)
 r - a +0 helmet (worn)
Wands
 o - a wand of paralysis (14)
 v - a wand of iceblast (12)
Scrolls
 i - a scroll of blinking
 k - a scroll of amnesia
 m - 4 scrolls of teleportation
 x - 2 scrolls of fog
Potions
 a - 3 potions of curing
 f - a potion of haste
 h - 2 potions of resistance
 j - 2 potions of lignification
 n - 2 potions of agility
 p - a potion of ambrosia
 s - a potion of heal wounds
 t - a potion of invisibility
 u - a potion of flight
 w - 2 potions of brilliance
 z - a potion of might
 B - 2 potions of mutation
Comestibles
 d - 9 rations
 C - 13 chunks of flesh


   Skills:
 + Level 4.0 Fighting
 + Level 3.6 Maces & Flails
 + Level 4.0 Armour
 + Level 3.5 Dodging
 - Level 2.1 Stealth
 + Level 5.8 Spellcasting
 + Level 6.1 Conjurations
 - Level 0.7 Transmutations
 * Level 4.8 Fire Magic
 + Level 8.1 Earth Magic
 + Level 3.4 Evocations


You had 4 spell levels left.
You knew the following spells:

 Your Spells              Type           Power        Failure   Level  Hunger
a - Sandblast             Erth           ####..       1%          1    None
b - Stone Arrow           Conj/Erth      ####..       1%          3    ##.....
c - Lee's Rapid Deconstr  Erth           ####......   12%         5    #####..
d - Passwall              Tmut/Erth      ###.....     3%          2    None
e - Fireball              Conj/Fire      ####......   34%         5    #####..

Your spell library contained the following spells:

 Spells                   Type           Power        Failure   Level  Hunger
 Ignite Poison            Fire/Tmut/Pois ##......     17%         3    ##.....
 Foxfire                  Conj/Fire      ####         1%          1    None
 Magic Dart               Conj           ####         1%          1    None
 Searing Ray              Conj           ####..       1%          2    None
 Conjure Flame            Conj/Fire      ####....     3%          3    ##.....
 Dazzling Flash           Conj/Hex       ###...       11%         3    ##.....
 Sticky Flame             Conj/Fire      ####....     13%         4    ####...
 Inner Flame              Hex/Fire       ##......     14%         3    ##.....
 Petrify                  Tmut/Erth      ###.....     21%         4    ####...
 Fulminant Prism          Conj/Hex       ###.......   34%         4    ####...
 Iskenderun's Mystic Bla  Conj/Tloc      ###.....     34%         4    ####...


Dungeon Overview and Level Annotations

Branches:
Dungeon (8/15)             Temple (1/1) D:5
   Lair: D:8-11

Altars:
Elyvilon
Fedhas
Kikubaaqudgha
Makhleb
Nemelex Xobeh
Qazlal
Sif Muna
Trog
Vehumet
Xom
Yredelemnul
Zin

Shops:
D:6 [

Annotations:
D:8 Grum


Innate Abilities, Weirdness & Mutations

You are resistant to torment.
Your stone body is resilient. (AC +7)
You are immune to poison.
You resist negative energy. (rN+)
You are resistant to electric shocks. (rElec)
You can survive without breathing.
You are immune to petrification.
You are immune to rotting.
Your large and strong wings let you fly indefinitely.
You possess an exceptional clarity of mind.


Message History

You feel less vulnerable to hostile enchantments.
Grum misses you.
Evoke which item? (* to show all) (? for menu, Esc to quit)
Aiming: Iceblast
Press: ? - help, Shift-Dir - straight line, f - Grum
Aim: Grum, wielding a -2 glaive and wearing a +0 animal skin (unusually resistant)
The mass of ice explodes!
The iceblast engulfs Grum!
Grum partially resists.
Grum is moderately wounded.
The iceblast engulfs the wolf.
The wolf is lightly wounded.
Evoke which item? (* to show all) (? for menu, Esc to quit)
Aiming: Iceblast
Press: ? - help, Shift-Dir - straight line, f/p - Grum
Aim: Grum, wielding a -2 glaive and wearing a +0 animal skin (moderately wounded, unusually resistant)
The mass of ice explodes!
The iceblast engulfs Grum!
Grum partially resists.
Grum is severely wounded.
The iceblast engulfs the wolf!
The wolf is almost dead.
Grum hits you from afar with a -2 glaive!
You die...

##########.#
#...@†gh...#
#.########## #.#
######
#.########
#.....
#........##
#.####
#######>..####
#.# #÷#.##.###.#
#...#...#.##.#
....####.###...#


You could see Grum and a wolf.

Vanquished Creatures
  2 hippogriffs
  3 water moccasins
  Edmund (D:6)
  2 sky beasts (D:6)
  An orc warrior (D:7)
  2 ice beasts
  Purgy (D:4)
  A necrophage (D:8)
  2 wolves (D:8)
  3 ogres
  A black bear (D:7)
  3 centaurs
  2 bullfrogs (D:7)
  Blork the orc (D:6)
  A gnoll sergeant (D:5)
  3 scorpions
  2 howler monkeys (D:6)
  6 crimson imps
  A bullfrog zombie (D:6)
  A centaur skeleton (D:8)
  2 hounds
  A gnoll shaman (D:6)
  An orc priest (D:7)
  6 orc wizards
  4 iguanas
  Ijyb (D:4)
  8 worker ants
  A worker ant zombie (D:5)
  19 gnolls
  9 adders
  A shadow imp (D:6)
  3 oozes (D:1)
  2 adder skeletons
  4 worms
  2 dart slugs
  6 leopard geckos
  18 orcs
  3 ball pythons
  3 giant cockroaches
  4 goblins (D:1)
  8 hobgoblins
  8 jackals
  5 kobolds
  4 quokkas
  4 bats
  5 frilled lizards
  A quokka skeleton (D:5)
  A quokka zombie (D:7)
  7 rats
  A plant (D:5)
181 creatures vanquished.

Notes
Turn   | Place    | Note
-------+----------+-------------------------------------------
     0 | D:1      | Epan the Gargoyle Earth Elementalist began the quest for
                  | the Orb.
     0 | D:1      | Reached XP level 1. HP: 10/10 MP: 3/3
   237 | D:1      | Reached skill level 4 in Earth Magic
   237 | D:1      | Reached XP level 2. HP: 13/15 MP: 1/5
   548 | D:1      | Reached XP level 3. HP: 19/19 MP: 6/6
   553 | D:1      | Learned a level 3 spell: Stone Arrow
   846 | D:1      | Learned a level 2 spell: Passwall
  1449 | D:2      | Reached skill level 1 in Conjurations
  1617 | D:2      | Found a faded altar of an unknown god.
  1686 | D:2      | Reached XP level 4. HP: 24/24 MP: 6/8
  2317 | D:3      | Reached skill level 5 in Earth Magic
  2330 | D:3      | Reached XP level 5. HP: 15/28 MP: 0/9
  2574 | D:3      | Gained mutation: You possess an exceptional clarity of
                  | mind. [potion of mutation]
  2574 | D:3      | Gained mutation: Your large and strong wings let you fly
                  | indefinitely. [potion of mutation]
  2950 | D:4      | Noticed an ogre
  2957 | D:4      | Killed an ogre
  2957 | D:4      | Reached XP level 6. HP: 32/32 MP: 3/11
  2969 | D:4      | Learned a level 5 spell: Lee's Rapid Deconstruction
  3317 | D:4      | Found a glowing silver altar of Zin.
  3317 | D:4      | Found a blossoming altar of Fedhas.
  3398 | D:4      | Found a shimmering altar of Xom.
  3675 | D:4      | Found a basalt altar of Yredelemnul.
  3676 | D:4      | Noticed Purgy
  3682 | D:4      | Killed Purgy
  3682 | D:4      | Reached skill level 6 in Earth Magic
  3864 | D:4      | Noticed Ijyb
  3878 | D:4      | Killed Ijyb
  3878 | D:4      | Reached XP level 7. HP: 36/36 MP: 8/13
  4091 | D:5      | Entered Level 5 of the Dungeon
  4336 | D:5      | Found a stormy altar of Qazlal.
  4373 | D:5      | Reached skill level 1 in Armour
  4377 | D:5      | Reached skill level 1 in Fighting
  4377 | D:5      | Reached skill level 1 in Maces & Flails
  4377 | D:5      | Reached skill level 1 in Evocations
  4377 | D:5      | Reached XP level 8. HP: 17/43 MP: 0/15
  4593 | D:5      | Found a staircase to the Ecumenical Temple.
  4599 | Temple   | Entered the Ecumenical Temple
  4749 | Temple   | Became a worshipper of Vehumet
  4937 | D:5      | Found a stormy altar of Qazlal.
  5004 | D:5      | Learned a level 5 spell: Fireball
  5608 | D:6      | Reached skill level 1 in Fire Magic
  5608 | D:6      | Reached skill level 7 in Earth Magic
  5948 | D:6      | Reached skill level 5 in Spellcasting
  5960 | D:6      | Reached skill level 5 in Conjurations
  5963 | D:6      | Reached * piety under Vehumet
  5963 | D:6      | Offered knowledge of Shock by Vehumet.
  6046 | D:6      | Found an ancient bone altar of Kikubaaqudgha.
  6050 | D:6      | Noticed Edmund
  6060 | D:6      | Killed Edmund
  6121 | D:6      | Found Irhum's Armour Boutique.
  6150 | D:6      | Got a translucent rapier
  6151 | D:6      | Identified the +5 rapier of Infinity {speed, Str+7} (You
                  | found it on level 6 of the Dungeon)
  6211 | D:6      | Reached XP level 9. HP: 45/49 MP: 16/16
  6503 | D:6      | Noticed Blork the orc
  6508 | D:6      | Killed Blork the orc
  6629 | D:6      | Found a burning altar of Makhleb.
  6629 | D:6      | Found a shimmering blue altar of Sif Muna.
  6954 | D:7      | Found a stormy altar of Qazlal.
  7115 | D:7      | Offered knowledge of Freeze by Vehumet.
  7117 | D:7      | Reached ** piety under Vehumet
  7477 | D:7      | Found a bloodstained altar of Trog.
  8105 | D:8      | Reached XP level 10. HP: 54/56 MP: 18/18
  8248 | D:8      | Reached skill level 8 in Earth Magic
  8328 | D:8      | Offered knowledge of Ignite Poison by Vehumet.
  8449 | D:8      | Noticed Grum
  8458 | D:8      | Slain by Grum

Levels and vault maps discovered:
D:1:      erik_arrival_gehennom, layout_loops_corners
D:2:      layout_loops_ring, chequers_ecumenical_altar_island
D:3:      layout_basic
D:4:      layout_layer_cave, old_standard_altar,
          gammafunk_temple_overflow_elements, lemuel_doored_altar, first_ration,
          uniq_purgy, uniq_ijyb
D:5:      layout_rooms, nicolae_overflow_crystal_walls,
          minmay_temple_entry_mist, basic_altar, minivault_26, grunt_decor_cap,
          saegor_snake_ambush
D:6:      layout_basic, kennysheep_mini, gammafunk_temple_overflow_wave,
          serial_shops, shop, uniq_edmund, uniq_blork_the_orc
D:7:      layout_cave_pods, marbit_many_paths, nicolae_qazlal_style_of_elements
D:8:      layout_loops_ring, uniq_grum
Temple:   nicolae_temple_figure_eight

Skill      XL: |  1  2  3  4  5  6  7  8  9 10 |
---------------+-------------------------------+-----
Earth Magic    | 4 5 6 7 8 |  8.1
Conjurations   | 1 2 3 4 5 6 |  6.1
Spellcasting   | 3 4 5 |  5.8
Armour         | 1 2 3 4 |  4.0
Fighting       | 1 2 3 4 |  4.0
Maces & Flails | 1 2 3 |  3.6
Evocations     | 1 2 3 |  3.4
Dodging        | 2 3 |  3.5
Fire Magic     | 2 4 |  4.8
Stealth        | |  2.1
Transmutations | |  0.7

Action                   |  1- 3 |  4- 6 |  7- 9 | 10-12 || total
-------------------------+-------+-------+-------+-------++-------
Melee: Unarmed           |     4 |       |       |       ||     4
       Dagger            |   111 |   133 |    22 |       ||   266
       Flail             |       |       |    85 |       ||    85
       Rapier            |       |       |   196 |    34 ||   230
 Cast: Sandblast         |    24 |    49 |    71 |    12 ||   156
       Passwall          |     2 |       |       |       ||     2
       Stone Arrow       |       |     3 |       |       ||     3
       Lee's Rapid Decon |       |       |    11 |     2 ||    13
Evoke: Wand              |       |       |     4 |     2 ||     6
  Use: Scroll            |     4 |     9 |     7 |     4 ||    24
       Potion            |       |     3 |     4 |       ||     7
 Stab: Sleeping          |     6 |     3 |     5 |       ||    14
  Eat: Chunk             |     3 |     4 |    14 |       ||    21
       Ration            |       |     1 |     1 |     1 ||     3
Armor: Robe              |    44 |    69 |   137 |    10 ||   260
Dodge: Dodged            |    84 |    93 |   216 |    25 ||   418

Table legend:
 A = Non-vault XP
 B = Vault XP
 C = Vault XP percentage of total XP
 D = Non-vault monster count
 E = Vault monster count
 F = Vault count percentage of total count
                 A         B        C        D         E       F
            +---------+---------+-------+---------+---------+-------
      Total |    4957 |     695 |  12.3 |     167 |      13 |   7.2
            +---------+---------+-------+---------+---------+-------
        D:1 |      36 |      19 |  34.5 |      17 |       5 |  22.7
        D:2 |      46 |       0 |   0.0 |      16 |       0 |   0.0
        D:3 |     108 |       0 |   0.0 |      22 |       0 |   0.0
        D:4 |     288 |     167 |  36.7 |      12 |       2 |  14.3
        D:5 |     798 |       1 |   0.1 |      23 |       1 |   4.2
        D:6 |     934 |     240 |  20.4 |      23 |       2 |   8.0
        D:7 |    1882 |      33 |   1.7 |      39 |       1 |   2.5
        D:8 |     796 |     235 |  22.8 |      12 |       2 |  14.3
     Temple |      69 |       0 |   0.0 |       3 |       0 |   0.0
            +---------+---------+-------+---------+---------+-------
